 Dungeon Crawl Stone Soup version 0.30-a0-451-ge042605de7 (webtiles) character file.

Game seed: 3876556246116300280

616927 pokeman the Archmage (level 26, -63/152 HPs)
             Began as a Deep Elf Hedge Wizard on Dec 11, 2022.
             Was the Champion of Vehumet.
             Killed from afar by an orb of fire (76 damage)
             ... with a fireball
             ... on level 5 of the Realm of Zot on Dec 12, 2022.
             The game lasted 04:31:53 (74664 turns).

pokeman the Archmage (Deep Elf Hedge Wizard)       Turns: 74664, Time: 04:31:53

Health: -63/152    AC:  0    Str:  6 (7)  XL:     26   Next: 40%
Magic:  38/50      EV: 14    Int: 29 (32) God:    Vehumet [******]
Gold:   7626       SH:  0    Dex: 11 (14) Spells: 18/79 levels left

rFire   . . .      SeeInvis .    (weapon currently unavailable)
rCold   . . .      Faith    .    (shield currently unavailable)
rNeg    . . .      Spirit   .    (body armour currently unavailable)
rPois   .          Reflect  .    (helmet currently unavailable)
rElec   .          Harm     .    (cloak currently unavailable)
rCorr   .          Rampage  .    (gloves currently unavailable)
Will    ++...                    (boots currently unavailable)
Stlth   ++........               F - amulet of magic regeneration
HPRegen 0.45/turn                (ring currently unavailable)
MPRegen 0.72/turn                (ring currently unavailable)

@: pig-form, marked, hasted, studying 2 skills, unable to drink, very quick
A: fast, no casting, small, low MP 1
}: 4/15 runes: decaying, slimy, silver, gossamer
a: Renounce Religion


You were on level 5 of the Realm of Zot.
You worshipped Vehumet.
Vehumet was exalted by your worship.
You were a filthy swine.
You visited 11 branches of the dungeon, and saw 53 of its levels.
You also visited: Trove, Bailey and Gauntlet.

You collected 10390 gold pieces.
You spent 2764 gold pieces at shops.

Inventory:

Hand Weapons
 I - a +9 quick blade of draining
Armour
 i - the +5 shadow dragon scales of Heironi (melded) {rF+ rN++ Int+3 Stlth++++}
   (You found it on level 5 of the Lair of Beasts)

   Int:       It affects your intelligence (+3).
   rF:        It protects you from fire.
   rN:        It greatly protects you from negative energy.
   Stlth:     It makes you much more stealthy.
 r - quicksilver dragon scales
 u - the +1 cloak of Time Monsters (melded) {Int+6}
   (You found it on level 1 of the Spider Nest)

   Int:       It affects your intelligence (+6).
 v - the +0 pair of boots "Titubaem" (melded) {Drain rElec rC+++ rCorr}
   (You bought it in a shop on level 3 of the Depths)

   rC:        It renders you almost immune to cold.
   rElec:     It insulates you from electricity.
   rCorr:     It protects you from acid and corrosion.
   Drain:     It drains your maximum health when unequipped.
 w - a +1 pair of gloves (melded)
 B - a +2 helmet of see invisible (melded)
 M - a +1 buckler of protection (melded)
 T - a scarf of invisibility
Magical Staves
 Q - a staff of conjuration (melded)
Jewellery
 e - the ring of Surprise {Ice rElec rN+++ Will- Slay-4}
   (You took it off Josephina on level 1 of the Realm of Zot)

   [ring of ice]

   It enhances your ice magic.
   Slay:      It affects your accuracy & damage with ranged weapons and melee
   (-4).
   rF:        It makes you vulnerable to fire.
   rC:        It protects you from cold.
   rElec:     It insulates you from electricity.
   rN:        It renders you almost immune to negative energy.
   Will:      It decreases your willpower.
 g - a ring of fire
 n - a ring of see invisible
 q - the ring of Surus (melded) {MP+9 Str-5 Int+6}
   (You found it in a Gauntlet)

   [ring of magical power]

   Str:       It affects your strength (-5).
   Int:       It affects your intelligence (+6).
   MP:        It affects your magic capacity (+9).
 F - an amulet of magic regeneration (around neck)
 N - a ring of fire
 R - the ring of Joosithro (melded) {rCorr MP+9 Str+6}
   (You found it on level 4 of the Spider Nest)

   [ring of strength]

   Str:       It affects your strength (+6).
   MP:        It affects your magic capacity (+9).
   rCorr:     It protects you from acid and corrosion.
 S - a ring of flight
Wands
 A - a wand of roots (58)
 E - a wand of paralysis (4)
 G - a wand of digging (13)
 L - a wand of light (20)
Scrolls
 j - 8 scrolls of blinking
 k - 6 scrolls of magic mapping
 p - 19 scrolls of teleportation
 t - a scroll of enchant weapon
 z - 3 scrolls of fear
 K - a scroll of silence
 O - a scroll of fog
Potions
 d - 6 potions of magic
 f - 5 potions of haste
 h - a potion of cancellation
 m - 25 potions of curing
 s - 10 potions of heal wounds
 x - 4 potions of brilliance
 D - 2 potions of resistance
 H - a potion of ambrosia
Miscellaneous
 a - a piece from Xom's chessboard (15/15)
 b - a condenser vane
 c - a phial of floods
 l - a tin of tremorstones (2/2)
 o - a phantom mirror
 y - a phantom mirror
 C - a box of beasts
 J - a phantom mirror
 Z - a lightning rod (4/4)


   Skills:
 - Level 12.0 Fighting
 + Level 18.3 Armour
 - Level 3.0 Dodging
 - Level 4.3 Stealth
 - Level 6.0 Shields
 O Level 27 Spellcasting
 O Level 27 Conjurations
 + Level 8.9 Summonings
 - Level 10.0 Necromancy
 - Level 1.1 Translocations
 * Level 26.6 Fire Magic
 - Level 1.1 Ice Magic
 - Level 1.0 Air Magic
 - Level 2.1 Earth Magic
 - Level 1.2 Poison Magic
 - Level 1.1 Evocations


You had 18 spell levels left.
You knew the following spells:

 Your Spells              Type           Power      Damage    Failure   Level
a - Magic Dart            Conj           100%       1d8       0%          1
b - Mephitic Cloud        Conj/Pois/Air  77%        N/A       1%          3
c - Call Imp              Summ           74%        N/A       1%          2
d - Blink                 Tloc           90%        N/A       1%          2
e - Freezing Cloud        Conj/Ice/Air   38%        6-21      1%          5
f - Fireball              Conj/Fire      57%        3d22      0%          5
g - Starburst             Conj/Fire      57%        6d15      0%          6
h - Iron Shot             Conj/Erth      44%        9d9       1%          6
i - Flame Wave            Conj/Fire      100%       2d21      0%          4
j - Orb of Destruction    Conj           57%        9d14      0%          7
k - Ignition              Fire           57%        3d16      1%          8
l - Fire Storm            Conj/Fire      57%        8d14      1%          9
m - Swiftness             Air            45%        N/A       1%          3

Your spell library contained the following spells:

 Spells                   Type           Power      Damage    Failure   Level
 Foxfire                  Conj/Fire      100%       2x1d9     0%          1
 Kiss of Death            Conj/Necr      100%       2d13      0%          1
 Necrotise                Necr           100%       1d9       0%          1
 Shock                    Conj/Air       100%       1d9       0%          1
 Summon Small Mammal      Summ           100%       N/A       0%          1
 Momentum Strike          Conj/Tloc      100%       3d10      0%          2
 Scorch                   Fire           100%       2d10      0%          2
 Searing Ray              Conj           100%       2d8       0%          2
 Static Discharge         Conj/Air       100%       2-7/arc   0%          2
 Dazzling Flash           Conj/Hex       100%       N/A       0%          3
 Inner Flame              Hex/Fire       86%        N/A       0%          3
 Stone Arrow              Conj/Erth      100%       3d13      0%          3
 Iskenderun's Mystic Bla  Conj/Tloc      88%        2d17      0%          4
 Sticky Flame             Conj/Fire      100%       2d11      0%          4
 Apportation              Tloc           90%        N/A       1%          1
 Beastly Appendage        Tmut           78%        N/A       1%          1
 Sandblast                Erth           100%       2d20      1%          1
 Slow                     Hex            100%       N/A       1%          1
 Sting                    Tmut/Pois      100%       1d8       1%          1
 Cigotuvi's Dreadful Rot  Necr/Pois/Air  100%       N/A       1%          2
 Ensorcelled Hibernation  Hex/Ice        84%        N/A       1%          2
 Passwall                 Tmut/Erth      37%        N/A       1%          2
 Poisonous Vapours        Pois/Air       90%        N/A       1%          2
 Call Canine Familiar     Summ           74%        N/A       1%          3
 Confusing Touch          Hex            39%        N/A       1%          3
 Frozen Ramparts          Ice            90%        1d14      1%          3
 Gell's Gravitas          Tloc           45%        N/A       1%          3
 Ignite Poison            Fire/Tmut/Pois 75%        N/A       1%          3
 Kindle Blastsparks       Fire/Tloc/Air  100%       2d18      1%          3
 Lesser Beckoning         Tloc           90%        N/A       1%          3
 Ozocubu's Armour         Ice            45%        N/A       1%          3
 Portal Projectile        Hex/Tloc       84%        N/A       1%          3
 Spider Form              Tmut/Pois      42%        N/A       1%          3
 Teleport Other           Tloc           45%        N/A       1%          3
 Tukima's Dance           Hex            39%        N/A       1%          3
 Vampiric Draining        Necr           77%        2d11      1%          3
 Vhi's Electric Charge    Tloc/Air       90%        N/A       1%          3
 Airstrike                Air            22%        2d(4-20)  1%          4
 Anguish                  Hex/Necr       31%        N/A       1%          4
 Animate Armour           Summ/Erth      100%       N/A       1%          4
 Animate Dead             Necr           77%        N/A       1%          4
 Fulminant Prism          Conj/Hex       43%        3d19      1%          4
 Olgreb's Toxic Radiance  Pois           46%        N/A       1%          4
 Summon Ice Beast         Ice/Summ       62%        N/A       1%          4
 Summon Lightning Spire   Summ/Air       62%        N/A       1%          4
 Agony                    Necr           77%        N/A       1%          5
 Arcjolt                  Conj/Air       44%        1d54      1%          5
 Borgnjor's Vile Clutch   Necr/Erth      32%        N/A       1%          5
 Irradiate                Conj/Tmut      43%        3d26      1%          5
 Lightning Bolt           Conj/Air       44%        1d63      1%          5
 Conjure Ball Lightning   Conj/Air       44%        3x3d15    1%          6
 Death Channel            Necr           38%        N/A       1%          6
 Lee's Rapid Deconstruct  Erth           25%        3d14*     2%          5
 Summon Forest            Summ/Tloc      31%        N/A       2%          5
 Summon Cactus Giant      Summ           37%        N/A       2%          6
 Summon Mana Viper        Hex/Summ       60%        N/A       3%          5
 Lehudib's Crystal Spear  Conj/Erth      44%        10d11     3%          8
 Leda's Liquefaction      Hex/Erth       22%        N/A       4%          4
 Manifold Assault         Tloc           45%        N/A       4%          4
 Passage of Golubria      Tloc           45%        N/A       4%          4
 Petrify                  Tmut/Erth      45%        N/A       4%          4
 Ice Form                 Ice/Tmut       42%        N/A       5%          4
 Yara's Violent Unravell  Hex/Tmut       19%        3d9       5%          5
 Cause Fear               Hex            19%        N/A       6%          4
 Simulacrum               Ice/Necr       32%        N/A       11%         6
 Haunt                    Necr/Summ      38%        N/A       12%         7
 Alistair's Intoxication  Tmut/Pois      28%        N/A       14%         5
 Metabolic Englaciation   Hex/Ice        21%        N/A       14%         5
 Silence                  Hex/Air        21%        N/A       14%         5
 Monstrous Menagerie      Summ           37%        N/A       14%         7
 Summon Hydra             Summ           37%        N/A       14%         7
 Blade Hands              Tmut           19%        N/A       19%         5
 Eringya's Noxious Bog    Tmut/Pois      21%        N/A       21%         6
 Chain Lightning          Conj/Air       44%        3d58      45%         9
 Dispersal                Tloc           22%        N/A       54%         6
 Statue Form              Tmut/Erth      30%        N/A       54%         6
 Infestation              Necr           38%        N/A       56%         8
 Ozocubu's Refrigeration  Ice            22%        4d12      63%         7
 Dragon Form              Tmut           19%        N/A       99%         7
 Enfeeble                 Hex            19%        N/A       99%         7
 Storm Form               Tmut/Air       21%        N/A       99%         7
 Maxwell's Capacitive Co  Air            22%        ∞         99%         8
 Necromutation            Tmut/Necr      31%        N/A       99%         8
 Discord                  Hex            19%        N/A       100%        8
 Disjunction              Tloc           22%        N/A       100%        8
 Death's Door             Necr           38%        N/A       100%        9
 Polar Vortex             Ice            22%        N/A       100%        9


Dungeon Overview and Level Annotations

Branches:
Dungeon (15/15)            Temple (1/1) D:6            Lair (5/5) D:10
  Swamp (4/4) Lair:3       Spider (4/4) Lair:3        Slime (5/5) Lair:5
    Orc (2/2) D:11            Elf (3/3) Orc:2        Vaults (5/5) D:14
  Crypt (0/3) Vaults:2     Depths (4/4) D:15            Zot (5/5) Depths:4
 Bailey (visited)         Gauntlet (visited)

Altars:
Cheibriados
Dithmenos
Elyvilon
Fedhas
Hepliaklqana
Kikubaaqudgha
Makhleb
Okawaru
Qazlal
Ru
Sif Muna
Trog
Uskayaw
Vehumet
Wu Jian
Xom
Yredelemnul
Zin
Jiyva

Shops:
D:1 (   D:3 (   Orc:1 ?   Orc:2 [::[   Elf:3 :=(:**=   Vaults:3 (:(
Vaults:4 (![   Vaults:5 =!::   Depths:2 (   Depths:3 *

Portals:
Hell: Lair:5 Depths:1 Depths:2 Depths:3 Depths:4
Abyss: Depths:1 Depths:3
Pandemonium: Depths:2
Ziggurat: Depths:1

Annotations:
Elf:3 2 runed translucent doors, bakla's ghost, adept TrGl
Vaults:4 3 runed translucent doors
Zot:5 3 runed translucent doors, Cancer's ghost, legendary GrEE; Ytolar's ghost, legendary DsFi; Zoaron's ghost, legendary MiBe


Innate Abilities, Weirdness & Mutations

You are a filthy swine.
You move quickly.
Your equipment is almost entirely melded.
You are incapable of wielding weapons or throwing items.
You cannot cast spells.
Your magical capacity is low. (-10% MP)


Message History

You hear a shout!
The Killer Klown struggles to blink free from constriction.
The grasping roots constrict the Killer Klown!
The Killer Klown struggles to escape constriction.
The grasping roots constrict the Killer Klown.
The roots release their grip on the Killer Klown.
The Killer Klown pies you viciously! The klown pie misses you.
Unknown command.
The Killer Klown blinks!
The Killer Klown pies you viciously! The klown pie hits you!!!
Raspberry!
You feel weakened.
You feel dopey.
You feel clumsy.
* * * LOW HITPOINT WARNING * * *
Unknown command.
You feel yourself speed up.
The Killer Klown blinks! x2
The Killer Klown fails to trigger a net trap.
A moth of wrath comes into view.
You feel much better.
The Killer Klown blinks!
An Orb Guardian comes into view.
The Killer Klown pies you viciously! The klown pie hits you!!!
Lemon!
You feel unable to drink.
* * * LOW HITPOINT WARNING * * *
You cannot drink potions in your current state!
Unknown command.
Unknown command.
Blink to where?
Press: ? - help, Dir - move target, p - Killer Klown An orb of fire comes into view.
As you read the scroll of blinking, it crumbles to dust.
You cannot drink potions in your current state!
An Orb Guardian comes into view.
The orb of fire glows bright magenta.
Strange energies course through your body.
You feel less energetic.
Unknown command.
The orb of fire emits a lurid red light.
The fireball explodes!
The fireball engulfs you!!!!
Ouch! That really hurt!
You die...

................
....................#
.......v............#
....................#
....v.v)..........^.#
...^...)............#
#...p..v...........#
##.....v..........#
....^^....).....h#
▓▓▓▓▓▓▓▓▓##.....▓▓
.^.........▓▓
............▓▓
..^..........▓▓
.^.......*....▓
...^....y.p...▓
.............▓▓
.....X......▓▓


You could see an orb of fire and a moth of wrath.

Vanquished Creatures
  the Royal Jelly (Slime:5)
  2 dread liches (Vaults:5)
  An ancient lich (Zot:5)
  A juggernaut (Depths:2)
  Josephina (Zot:1)
  4 Killer Klowns
  Bai Suzhen (Vaults:3)
  5 caustic shrikes
  4 curse toes
  9 golden dragons
  Nikola (Spider:2)
  A bone dragon (Depths:3)
  An electric golem (Zot:2)
  A lich (Depths:3)
  17 tentacled monstrosities
  Rupert (D:14)
  9 Orb Guardians (Zot:5)
  3 quicksilver dragons
  A deep elf blademaster (Elf:3)
  4 titans
  4 deep elf master archers (Elf:3)
  2 walking crystal tomes
  A walking frostbound tome (Depths:2)
  17 acid blobs
  11 death cobs
  An eldritch tentacle (Depths:3)
  7 sphinxes
  Donald (Swamp:3)
  Frances (Spider:1)
  11 shadow dragons
  2 thorn hunters (Swamp:3)
  13 rockslimes
  8 azure jellies
  13 storm dragons
  6 draconian knights
  9 tengu reavers
  A fenstrider witch (Swamp:3)
  6 draconian monks
  11 fire giants
  6 deep elf sorcerers
  4 frost giants
  7 draconian scorchers
  8 emperor scorpions
  A curse skull (Vaults:2)
  6 draconian shifters
  2 iron dragons
  19 vault wardens
  A balrug (Depths:1)
  7 ghost moths
  An orc warlord (Vaults:2)
  A ghoul (Swamp:1)
  5 deep elf elementalists (Elf:3)
  2 draconian annihilators
  2 broodmothers
  4 draconian stormcallers
  15 stone giants
  34 very ugly things
  19 ironbound preservers
  7 quicksilver oozes (Slime:5)
  5 war gargoyles
  8 green draconians
  7 deep elf demonologists
  4 vampire knights
  5 ironbound thunderhulks
  A minotaur (shapeshifter) (Vaults:3)
  4 eleionomae
  13 deep elf annihilators
  16 red draconians
  13 yellow draconians
  10 dire elephants
  10 white draconians
  6 bunyips
  A minotaur (Gauntlet)
  10 purple draconians
  12 black draconians
  14 spark wasps
  Snorg (D:11)
  2 blizzard demons
  9 deep elf death magi
  12 ettins
  6 fire dragons
  10 deep elf high priests
  5 entropy weavers
  14 great orbs of eyes
  A shambling mangrove (Swamp:3)
  8 ice dragons
  17 yaktaur captains
  2 peacekeepers (Vaults:4)
  Harold (D:10)
  27 vault guards
  10 hydras
  2 rakshasas
  A caustic shrike simulacrum (Depths:3)
  Erolcha (D:11)
  2 spriggan air magi
  3 ghost crabs (Depths:3)
  A jorogumo (shapeshifter) (Vaults:5)
  4 radroaches
  6 ogre magi
  9 two-headed ogres
  Erica (Orc:1)
  12 alligators
  13 centaur warriors
  10 ironbound frosthearts
  13 boulder beetles
  A jorogumo (Spider:4)
  12 death yaks
  6 deep troll shamans
  5 deep troll earth magi
  7 tengu warriors
  24 dancing weapons
  2 vampire magi
  4 spriggan berserkers
  3 sun demons (Depths:1)
  Urug (Orc:1)
  An orc high priest (Elf:3)
  A titan skeleton (Depths:3)
  15 hell knights
  10 deep elf knights
  An emperor scorpion zombie (Spider:1)
  A fire crab (shapeshifter) (D:12)
  7 pharaoh ants
  6 skeletal warriors
  2 spark wasp zombies (Spider:1)
  A death drake (Depths:3)
  6 goliath frogs
  2 sea snakes (Depths:3)
  4 spriggan druids
  A ghost moth zombie (Spider:1)
  49 deep trolls
  12 orb spiders
  An orange crystal statue (Gauntlet)
  A sun moth (Spider:2)
  3 iron trolls
  4 swamp dragons
  A spriggan simulacrum (Depths:3)
  3 glowing orange brains
  19 ironbound convokers
  A flayed ghost (Depths:2)
  9 bog bodies
  8 steelbarb worms
  A golden dragon skeleton (Depths:3)
  6 phantasmal warriors
  19 deep elf archers
  6 orc knights
  9 wizards
  8 necromancers
  12 orc sorcerers
  13 lindwurms
  35 deep elf pyromancers
  A mana viper (Depths:3)
  A broodmother zombie (Spider:1)
  18 wolf spiders
  42 ugly things
  19 deep elf zephyrmancers
  A tengu skeleton (Depths:3)
  4 will-o-the-wisps
  A faun (shapeshifter) (Vaults:5)
  4 manticores
  10 cyclopes
  32 moths of wrath
  5 shining eyes
  Maurice (Orc:1)
  2 eyes of devastation
  An elephant (shapeshifter) (Depths:3)
  8 black mambas
  A rust devil (Depths:2)
  4 large abominations (Depths:3)
  14 vault sentinels
  A gargoyle (D:12)
  3 naga magi (Depths:3)
  A smoke demon (Depths:1)
  5 torpor snails
  2 orange demons (Lair:5)
  An eye of devastation (shapeshifter) (Vaults:5)
  14 cane toads
  Maggie (D:6)
  2 unseen horrors (Depths:3)
  9 rime drakes
  A storm dragon simulacrum (Zot:1)
  20 demonic crawlers
  2 hellwings
  3 kobold demonologists (D:11)
  3 efreet
  8 ice devils
  A hellion (Depths:2)
  56 yaktaurs
  A tengu conjurer (D:15)
  6 freezing wraiths
  12 komodo dragons
  4 trolls
  A queen bee (D:13)
  A meliai (shapeshifter) (Elf:3)
  4 meliai
  8 tyrant leeches
  A red devil (Depths:2)
  30 tarantellas
  6 bloated husks
  2 polar bears (Lair:5)
  A hornet (shapeshifter) (D:12)
  2 tengu simulacra
  31 hornets
  34 blink frogs
  6 dream sheep (Lair:3)
  171 slime creatures
  A deep troll zombie (Vaults:2)
  26 jumping spiders
  A jumping spider (shapeshifter) (D:14)
  A radroach zombie (Spider:1)
  2 air elementals
  A centaur simulacrum (D:15)
  5 wyverns
  13 culicivoras
  18 spriggans
  8 water elementals
  An ettin skeleton (Vaults:2)
  5 basilisks
  11 golden eyes
  A hog (Depths:3)
  A wraith (D:11)
  82 yaks
  3 fire elementals (Gauntlet)
  2 green draconian simulacra (Zot:1)
  17 vampire mosquitoes
  6 chaos spawn
  2 steam dragons
  61 redbacks
  3 swamp worm simulacra (Swamp:4)
  A purple draconian simulacrum (Zot:1)
  2 spatial vortices (Depths:3)
  16 swamp worms
  A human simulacrum (Vaults:2)
  8 wargs
  Menkaure (D:6)
  An acid dragon (D:6)
  A floating eye (shapeshifter) (Depths:2)
  6 hell hounds
  15 hydra simulacra (Swamp:4)
  17 water moccasins
  3 swamp drakes
  A sky beast (D:7)
  An ice beast (Depths:3)
  A black bear (D:4)
  A hornet zombie (D:7)
  28 orc warriors
  14 ogres
  2 boggarts (Elf:1)
  An ogre (shapeshifter) (Vaults:5)
  20 wolves
  25 centaurs
  2 kobold brigands
  3 phantoms
  14 bullfrogs
  A glowing shapeshifter simulacrum (Vaults:2)
  A gnoll sergeant (Orc:2)
  23 scorpions
  3 earth elementals
  3 necrophages
  A water moccasin zombie (D:7)
  3 wyvern zombies (D:7)
  Dowan (D:6)
  28 killer bees
  A vampire bat (Depths:3)
  7 electric eels
  2 crimson imps (Depths:1)
  9 howler monkeys
  A centaur zombie (D:7)
  5 small abominations (Depths:3)
  5 jellies
  Crazy Yiuf (D:6)
  18 orc priests
  Terence (D:2)
  43 orc wizards
  A hell rat (Lair:3)
  2 killer bee zombies (D:7)
  5 gnolls (Orc:2)
  6 adders
  4 white imps
  An ufetubus (D:2)
  5 swamp drake simulacra (Swamp:4)
  4 worms
  4 dart slugs
  140 orcs
  6 bats
  4 endoplasms
  5 giant cockroaches
  8 goblins
  6 hobgoblins
  6 jackals
  17 kobolds
  3 quokkas
  7 ball pythons
  2 frilled lizards
  8 rats
  5 fire vortices
2514 creatures vanquished.

Vanquished Creatures (collateral kills)
  A golden dragon (Zot:4)
  A walking earthen tome (Depths:3)
  An iron dragon (Depths:2)
  2 very ugly things
  2 stone giants
  An ironbound preserver (Vaults:5)
  A green draconian (Zot:4)
  A yellow draconian (Zot:2)
  A purple draconian (Zot:4)
  An ettin (Depths:1)
  A boulder beetle (D:9)
  A glowing orange brain (Depths:4)
  A deep troll (Vaults:4)
  An ugly thing (Depths:1)
  3 slime creatures
  A cane toad (Lair:5)
  An unseen horror (Depths:3)
  A draconian simulacrum (Zot:1)
  A culicivora (shapeshifter) (Vaults:5)
  A small abomination (Depths:3)
  Duvessa (D:6)
  A wolf (Lair:5)
  A killer bee (D:13)
  2 orc wizards (D:7)
  A white imp (Depths:1)
  3 orcs
33 creatures vanquished.

Vanquished Creatures (others)
  An alligator (Swamp:4)
  A bog body (Swamp:4)
  An orc wizard (D:7)
  414 fire vortices
  6 foxfires
  55 fungi
  89 plants
  3 withered plants
570 creatures vanquished.

Grand Total: 3117 creatures vanquished

Notes
Turn   | Place    | Note
-------+----------+-------------------------------------------
     0 | D:1      | pokeman the Deep Elf Hedge Wizard began the quest for the
                  | Orb.
     0 | D:1      | Reached XP level 1. HP: 10/10 MP: 7/7
   121 | D:1      | You fall into a shaft and drop 1 floor!
   166 | D:1      | Found Usel's Weapon Shoppe.
   418 | D:1      | Reached XP level 2. HP: 16/16 MP: 4/9
  1166 | D:2      | Reached skill level 5 in Spellcasting
  1259 | D:2      | Found a faded altar of an unknown god.
  1272 | D:2      | Reached XP level 3. HP: 20/20 MP: 3/11
  1276 | D:2      | Learned a level 3 spell: Mephitic Cloud
  1279 | D:2      | Learned a level 2 spell: Call Imp
  1282 | D:2      | Learned a level 2 spell: Blink
  1396 | D:2      | Found a snail-covered altar of Cheibriados.
  1713 | D:2      | Noticed Terence
  1714 | D:2      | Reached skill level 1 in Fighting
  1729 | D:2      | Killed Terence
  1730 | D:2      | Reached skill level 1 in Armour
  1730 | D:2      | Reached XP level 4. HP: 18/25 MP: 4/13
  2612 | D:3      | Found Zeosism's Weapon Shop.
  2661 | D:3      | Identified the +1 dagger of Yrgheigud {flame, Int+3}
  3232 | D:3      | Reached XP level 5. HP: 29/29 MP: 6/15
  3393 | D:3      | Identified the +0 robe "Irapo Wei" {Harm Will+ Int+2 Dex+2}
  3574 | D:4      | Found an iron altar of Okawaru.
  3697 | D:4      | Found an ancient bone altar of Kikubaaqudgha.
  3701 | D:4      | Noticed a black bear
  3711 | D:4      | Killed a black bear
  3712 | D:4      | Reached skill level 1 in Air Magic
  4063 | D:4      | Noticed a phantom
  4076 | D:4      | Killed a phantom
  4077 | D:4      | Reached XP level 6. HP: 26/34 MP: 5/17
  4705 | D:5      | Entered Level 5 of the Dungeon
  4718 | D:5      | Reached skill level 1 in Poison Magic
  4826 | D:5      | Noticed a water moccasin
  4836 | D:5      | Killed a water moccasin
  5096 | D:5      | Reached skill level 1 in Evocations
  5096 | D:5      | Reached XP level 7. HP: 32/38 MP: 10/20
  5184 | D:5      | Identified the +0 robe "Yjirhaeg" {rN+ Will- Str+3}
  5296 | D:5      | Found a shadowy altar of Dithmenos.
  5296 | D:5      | Found a glowing silver altar of Zin.
  5301 | D:5      | Found a radiant altar of Vehumet.
  5308 | D:5      | Found a sacrificial altar of Ru.
  5310 | D:5      | Became a worshipper of Vehumet
  5312 | D:5      | Found a hide-covered altar of Uskayaw.
  5316 | D:5      | Found a shimmering blue altar of Sif Muna.
  5757 | D:5      | Found a blossoming altar of Fedhas.
  5882 | D:5      | Learned a level 5 spell: Freezing Cloud
  6210 | D:6      | Reached skill level 1 in Ice Magic
  6293 | D:6      | Reached XP level 8. HP: 42/44 MP: 17/23
  6339 | D:6      | Noticed Menkaure
  6366 | D:6      | Killed Menkaure
  6366 | D:6      | Noticed Dowan
  6394 | D:6      | Killed Dowan
  6414 | D:6      | Reached skill level 5 in Conjurations
  6518 | D:6      | Reached skill level 10 in Spellcasting
  6591 | D:6      | Noticed Duvessa
  6669 | D:6      | Noticed Maggie
  6698 | D:6      | Killed Maggie
  6791 | D:6      | Killed Duvessa
  6880 | D:6      | Found a staircase to the Ecumenical Temple.
  7123 | D:6      | Found a runed translucent door.
  7124 | D:6      | Noticed Crazy Yiuf
  7133 | D:6      | Killed Crazy Yiuf
  7134 | D:6      | Reached XP level 9. HP: 50/50 MP: 17/26
  7377 | D:7      | Reached * piety under Vehumet
  7377 | D:7      | Offered knowledge of Sandblast by Vehumet.
  7399 | D:7      | Found a flagged portal.
  7409 | Bailey   | Entered a bailey
  8039 | Bailey   | Reached ** piety under Vehumet
  8039 | Bailey   | Offered knowledge of Searing Ray by Vehumet.
  8492 | Bailey   | Acquired a +3 quick blade of draining
  8595 | D:7      | Reached XP level 10. HP: 19/56 MP: 7/29
  9025 | D:7      | Learned a level 4 spell: Flame Wave
  9292 | D:7      | Found a basalt altar of Yredelemnul.
  9298 | D:7      | Reached skill level 1 in Fire Magic
  9507 | D:7      | Found a stormy altar of Qazlal.
  9535 | D:8      | Offered knowledge of Dazzling Flash by Vehumet.
  9719 | D:8      | Reached *** piety under Vehumet
 10054 | D:8      | Found a burning altar of Makhleb.
 10075 | D:8      | Found an ornate altar of the Wu Jian Council.
 10630 | D:9      | Reached skill level 5 in Fighting
 10634 | D:9      | Offered knowledge of Frozen Ramparts by Vehumet.
 10666 | D:9      | Noticed a two-headed ogre
 10672 | D:9      | Killed a two-headed ogre
 10673 | D:9      | Reached skill level 15 in Spellcasting
 10737 | D:9      | Reached XP level 11. HP: 42/64 MP: 20/32
 11166 | D:9      | Noticed a boulder beetle
 11246 | D:9      | Killed a boulder beetle
 11500 | D:9      | Found a hazy altar of Hepliaklqana.
 11512 | D:9      | Reached **** piety under Vehumet
 11632 | D:10     | Entered Level 10 of the Dungeon
 11709 | D:10     | Offered knowledge of Iskenderun's Mystic Blast by Vehumet.
 11710 | D:10     | Reached skill level 5 in Fire Magic
 12014 | D:10     | Found a staircase to the Lair.
 12080 | D:10     | Noticed Harold
 12094 | D:10     | Killed Harold
 12095 | D:10     | Reached skill level 5 in Armour
 12512 | D:11     | Found a staircase to the Orcish Mines.
 12555 | D:11     | Noticed a two-headed ogre
 12582 | D:11     | Killed a two-headed ogre
 12700 | D:11     | Noticed Snorg
 12752 | D:11     | Killed Snorg
 12872 | D:11     | Noticed Erolcha
 12885 | D:11     | Killed Erolcha
 12886 | D:11     | Reached XP level 12. HP: 72/72 MP: 18/34
 12937 | D:11     | Reached skill level 10 in Conjurations
 13229 | D:11     | Noticed a five-headed hydra
 13241 | D:11     | Killed a five-headed hydra
 13617 | D:12     | Noticed a boulder beetle
 13643 | D:12     | Killed a boulder beetle
 13650 | D:12     | Noticed a seven-headed hydra
 13664 | D:12     | Killed a seven-headed hydra
 13734 | D:12     | Noticed a centaur warrior
 13743 | D:12     | Killed a centaur warrior
 13802 | D:12     | Noticed a boulder beetle
 13831 | D:12     | Killed a boulder beetle
 14033 | D:12     | Noticed a fire giant
 14033 | D:12     | Noticed a shadow dragon
 14058 | D:12     | Killed a fire giant
 14142 | D:12     | Noticed a shadow dragon
 14158 | D:12     | Noticed a vampire knight
 14201 | Lair:1   | Entered Level 1 of the Lair of Beasts
 14208 | Lair:1   | Reached ***** piety under Vehumet
 14208 | Lair:1   | Offered knowledge of Lee's Rapid Deconstruction by Vehumet.
 15259 | Lair:2   | Noticed a death yak
 15259 | Lair:2   | Noticed a death yak
 15269 | Lair:2   | Noticed a death yak
 15270 | Lair:2   | Noticed a death yak
 15272 | Lair:2   | Killed a death yak
 15273 | Lair:2   | Reached XP level 13. HP: 80/80 MP: 29/37
 15376 | Lair:2   | Learned a level 6 spell: Starburst
 16276 | Lair:3   | Offered knowledge of Iskenderun's Battlesphere by Vehumet.
 16355 | Lair:3   | Learned a level 6 spell: Iron Shot
 16402 | Lair:3   | Found a staircase to the Swamp.
 16540 | Lair:3   | Found a hole to the Spider Nest.
 16642 | Lair:3   | Reached skill level 1 in Earth Magic
 16655 | Lair:3   | Reached skill level 10 in Fighting
 18194 | Lair:4   | Reached XP level 14. HP: 88/88 MP: 36/39
 18381 | Lair:4   | Offered knowledge of Conjure Ball Lightning by Vehumet.
 19152 | Temple   | Entered the Ecumenical Temple
 19391 | Lair:5   | Entered Level 5 of the Lair of Beasts
 20052 | Lair:5   | Identified the +3 ring mail of Nemelex Xobeh's Scorn
                  | {*Corrode rElec rF- Str+9}
 20065 | Lair:5   | Found a runed translucent door.
 20066 | Lair:5   | Found a viscous altar of Jiyva.
 20066 | Lair:5   | Found a staircase to the Slime Pits.
 20066 | Lair:5   | Noticed an acid blob
 20337 | Lair:5   | Reached skill level 10 in Fire Magic
 21090 | Lair:5   | Found a burning altar of Makhleb.
 21195 | Lair:5   | Offered knowledge of Spellforged Servitor by Vehumet.
 21339 | Lair:5   | Found a gateway to Hell.
 21346 | Lair:5   | Identified the +5 shadow dragon scales of Heironi {rF+ rN++
                  | Int+3 Stlth++++}
 21913 | D:12     | Killed a vampire knight
 22047 | D:12     | Reached XP level 15. HP: 95/95 MP: 35/42
 22730 | D:12     | Killed a shadow dragon
 23080 | D:13     | HP: 2/94 [centaur warrior/arrow (11)]
 23163 | D:13     | Acquired Bitwayl's Enchiridion on Combat Magic
 23171 | D:13     | Learned a level 5 spell: Fireball
 23179 | D:13     | Learned a level 7 spell: Orb of Destruction
 23711 | D:13     | Found an ancient bone altar of Kikubaaqudgha.
 23775 | D:13     | Found a stormy altar of Qazlal.
 24066 | D:13     | Acquired 1019 gold pieces
 24067 | D:13     | Acquired 1207 gold pieces
 24755 | D:14     | Found a gate to the Vaults.
 25157 | D:14     | Noticed Rupert
 25171 | D:14     | Killed Rupert
 25424 | D:15     | Entered Level 15 of the Dungeon
 25439 | D:15     | Found a gate leading to a gauntlet.
 25445 | Gauntlet | Entered a Gauntlet
 25445 | Gauntlet | Found a transporter.
 25445 | Gauntlet | Found a transporter.
 25448 | Gauntlet | Found the dreamshard necklace {*Dream Drain}
 25449 | Gauntlet | Found a transporter.
 25451 | Gauntlet | Found a transporter.
 25452 | Gauntlet | Found a transporter.
 25460 | Gauntlet | Found a transporter.
 25461 | Gauntlet | Found a transporter.
 25468 | Gauntlet | Found a transporter.
 25474 | Gauntlet | Found a transporter.
 25508 | Gauntlet | Found a transporter.
 25580 | Gauntlet | Found a transporter.
 25601 | Gauntlet | Found a transporter.
 25763 | Gauntlet | Identified the ring of Surus {MP+9 Str-5 Int+6}
 25911 | Gauntlet | Got the Verses on the Mausoleum and Heat
 26207 | D:15     | Reached ****** piety under Vehumet
 27003 | D:15     | Found a sacrificial altar of Ru.
 27091 | D:15     | Found a staircase to the Depths.
 27236 | Orc:1    | Entered Level 1 of the Orcish Mines
 27240 | Orc:1    | Offered knowledge of Lightning Bolt by Vehumet.
 27241 | Orc:1    | Noticed Maurice
 27243 | Orc:1    | Reached XP level 16. HP: 101/101 MP: 44/44
 27245 | Orc:1    | Killed Maurice
 27264 | Orc:1    | Noticed Erica
 27268 | Orc:1    | Killed Erica
 27581 | Orc:1    | Found Joryh's Magic Scroll Shoppe.
 27646 | Orc:1    | Bought a scroll of identify for 26 gold pieces
 27646 | Orc:1    | Bought a scroll of blinking for 97 gold pieces
 27646 | Orc:1    | Bought a scroll of identify for 26 gold pieces
 27646 | Orc:1    | Bought a scroll of magic mapping for 97 gold pieces
 27646 | Orc:1    | Bought a scroll of identify for 26 gold pieces
 27646 | Orc:1    | Bought a scroll of identify for 26 gold pieces
 27781 | Orc:2    | Entered Level 2 of the Orcish Mines
 27857 | Orc:1    | Noticed Urug
 27864 | Orc:1    | Killed Urug
 29221 | Orc:2    | Offered knowledge of Yara's Violent Unravelling by Vehumet.
 29633 | Orc:2    | Found a staircase to the Elven Halls.
 29808 | Orc:2    | Found Ucuim's Armour Shoppe.
 29808 | Orc:2    | Found Tuch's Book Boutique.
 29995 | Orc:2    | Found Ezericil's Book Shoppe.
 29995 | Orc:2    | Found Buqek's Antique Armour Boutique.
 30282 | Swamp:1  | Entered Level 1 of the Swamp
 31445 | Swamp:2  | Reached skill level 10 in Armour
 31730 | Swamp:2  | Reached skill level 1 in Shields
 32228 | Swamp:3  | Offered knowledge of Ignition by Vehumet.
 32241 | Swamp:2  | Learned a level 8 spell: Ignition
 32423 | Swamp:3  | Noticed a thorn hunter
 32427 | Swamp:3  | Killed a thorn hunter
 32483 | Swamp:3  | Noticed a thorn hunter
 32486 | Swamp:3  | Killed a thorn hunter
 32547 | Swamp:3  | Noticed Donald
 32554 | Swamp:3  | Killed Donald
 32620 | Swamp:3  | Reached skill level 15 in Conjurations
 32961 | Swamp:3  | Found a hazy altar of Hepliaklqana.
 33186 | Swamp:4  | Entered Level 4 of the Swamp
 33189 | Swamp:4  | Reached XP level 17. HP: 63/106 MP: 47/47
 33957 | Swamp:4  | Offered knowledge of Lehudib's Crystal Spear by Vehumet.
 33957 | Swamp:4  | Offered knowledge of Fire Storm by Vehumet.
 33957 | Swamp:4  | Offered knowledge of Chain Lightning by Vehumet.
 34056 | Swamp:4  | Learned a level 9 spell: Fire Storm
 34431 | Swamp:4  | Got a decaying rune of Zot
 34962 | Elf:1    | Entered Level 1 of the Elven Halls
 35141 | Spider:1 | Entered Level 1 of the Spider Nest
 36617 | Spider:1 | Reached skill level 5 in Shields
 37610 | Spider:1 | Noticed Frances
 37616 | Spider:1 | Killed Frances
 37807 | Spider:1 | Identified the +1 cloak of Time Monsters {Int+6}
 37937 | Spider:2 | Reached XP level 18. HP: 112/112 MP: 48/50
 38097 | Spider:2 | Noticed Nikola
 38103 | Spider:2 | Killed Nikola
 38298 | Spider:2 | Identified the +1 ring mail of Leapfrog {Will+}
 39658 | Spider:3 | Identified the +6 scale mail of Death Resistance {Int+2}
 40297 | Spider:4 | Entered Level 4 of the Spider Nest
 40548 | Spider:4 | Reached skill level 15 in Fire Magic
 40835 | Spider:4 | Identified the ring of Joosithro {rCorr MP+9 Str+6}
 40985 | Spider:4 | Reached skill level 27 in Spellcasting
 41694 | Spider:4 | Got a gossamer rune of Zot
 42522 | Elf:1    | Reached XP level 19. HP: 116/116 MP: 52/52
 43416 | Elf:2    | Acquired 711 gold pieces
 43882 | Elf:2    | Found a huge runed translucent gate.
 43882 | Elf:2    | Found a huge runed translucent gate.
 43882 | Elf:2    | Found a huge runed translucent gate.
 43882 | Elf:2    | Found a huge runed translucent gate.
 43882 | Elf:2    | Found a huge runed translucent gate.
 44951 | Elf:3    | Entered Level 3 of the Elven Halls
 44960 | Elf:3    | Found Witid's Assorted Antiques.
 44960 | Elf:3    | Found Heip's Jewellery Shop.
 44961 | Elf:3    | Found Maotal's Antique Weapon Shop.
 44963 | Elf:3    | Found Enkiocyff's Book Boutique.
 44968 | Elf:3    | Bought a pair of runed boots for 322 gold pieces
 45110 | Elf:3    | Found a large runed translucent door.
 45110 | Elf:3    | Found a large runed translucent door.
 45113 | Elf:3    | Noticed bakla's ghost (adept TrGl)
 45144 | Elf:3    | Found Nuapnasi's Jewellery Emporium.
 45252 | Elf:3    | Learned a level 3 spell: Swiftness
 45449 | Elf:3    | Found Numour's Book Shop.
 45552 | Elf:3    | Reached skill level 1 in Necromancy
 45588 | Elf:3    | Found Etabaagg's General Store.
 46201 | Elf:3    | Noticed a Tzitzimitl
 46424 | Elf:3    | Reached XP level 20. HP: 122/122 MP: 53/53
 46643 | Elf:3    | Got the Parchment of Enchantment
 46671 | Elf:3    | Got the Tome of Compression
 46674 | Elf:3    | Identified the +8 shortbow of Dawn {freeze, *Corrode Fly
                  | rElec rN+}
 46682 | Elf:3    | Identified the +0 plate armour of Irphiah {rElec rF+ Will+
                  | Str+2}
 46720 | Elf:3    | Got the Papyrus of Ozone and Conflict
 47529 | Depths:1 | Entered Level 1 of the Depths
 47622 | Vaults:1 | Entered Level 1 of the Vaults
 48372 | Vaults:1 | Identified the +2 buckler "Azen" {-Tele MP+9 Int+6}
 49401 | Vaults:2 | Paralysed by a great orb of eyes for 4 turns
 50182 | Vaults:2 | Found a staircase to the Crypt.
 50545 | Vaults:2 | Reached XP level 21. HP: 127/127 MP: 54/54
 50572 | Vaults:2 | Paralysed by a sphinx for 2 turns
 51691 | Vaults:2 | Identified the +11 scimitar "Ovyazi" {vorpal, rPois rN+
                  | SInv}
 51724 | Vaults:3 | Found Jydes's Book Emporium.
 51840 | Vaults:3 | Found Lamm's Weapon Boutique.
 51865 | Vaults:3 | Found a portal to a secret trove of treasure.
 52874 | Vaults:3 | Found Juuvemaq's Weapon Shop.
 53085 | Vaults:3 | Noticed Bai Suzhen
 53088 | Vaults:3 | Killed Bai Suzhen
 53229 | Vaults:4 | Found Ekeasapn's Weapon Boutique.
 53408 | Vaults:4 | Identified the +4 arbalest "Surayjes" {vorpal, *Slow rPois
                  | Dex+5}
 53908 | Vaults:4 | Found Fypp's Antique Armour Shoppe.
 53928 | Vaults:4 | Identified the +4 shortbow of Departure {drain, rPois rF+
                  | Stlth+}
 54008 | Vaults:4 | Found a runed translucent gate.
 54008 | Vaults:4 | Found a runed translucent gate.
 54008 | Vaults:4 | Found a runed translucent gate.
 54036 | Vaults:4 | Found Xelusi's Distillery.
 54044 | Vaults:4 | Bought a potion of magic for 144 gold pieces
 54044 | Vaults:4 | Bought a potion of curing for 54 gold pieces
 54044 | Vaults:4 | Bought a potion of curing for 54 gold pieces
 54456 | Vaults:5 | Entered Level 5 of the Vaults
 54458 | Vaults:5 | Reached XP level 22. HP: 132/132 MP: 55/55
 54471 | Vaults:5 | Identified the +6 trident "Noluxun" {flame, rN++ Str-5}
 54471 | Vaults:5 | Identified the ring of Dim Light {rElec Will+ Int+4}
 54931 | Depths:1 | Found a one-way gate to the infinite horrors of the Abyss.
 55309 | Depths:1 | Found a one-way gateway to a ziggurat.
 55371 | Depths:1 | Got Ulueg's Quarto of Deathly Feathers
 56172 | Orc:1    | Bought a scroll of enchant weapon for 97 gold pieces
 56674 | Vaults:3 | You paid a toll of a +5 demon whip to enter a treasure
                  | trove
 56675 | Trove    | Entered a treasure trove
 56722 | Trove    | Got Sif Muna's Precepts of Incendiary Grit
 56725 | Trove    | Got the Commentary on Diablerie and Shapes
 57344 | Vaults:5 | Noticed a dread lich
 57345 | Vaults:5 | Paralysed by a dread lich for 4 turns
 57707 | Depths:2 | Found a one-way gate leading to the halls of Pandemonium.
 58007 | Depths:2 | Noticed a juggernaut
 58011 | Depths:2 | Killed a juggernaut
 58051 | Depths:2 | Noticed a golden dragon
 58055 | Depths:2 | Killed a golden dragon
 58505 | Depths:2 | Found Xizo's Antique Weapon Shop.
 59262 | Depths:3 | Identified the +7 battleaxe of Keicoecs {venom, rPois Will+
                  | MP+9 Int-5}
 59382 | Depths:3 | Identified the +2 helmet of Impressiveness {+Inv Int+2}
 59383 | Depths:3 | Got Unoejurch's Guide on Transmigration
 59424 | Depths:3 | Found Buoptelu's General Store.
 59428 | Depths:3 | Bought a potion of heal wounds for 90 gold pieces
 59428 | Depths:3 | Bought the +0 pair of boots "Titubaem" {Drain rElec rC+++
                  | rCorr} for 963 gold pieces
 59603 | Depths:3 | Reached XP level 23. HP: 136/136 MP: 56/56
 59690 | Depths:3 | Reached skill level 15 in Armour
 60355 | Depths:3 | Got the Opusculum on Profane Magicks
 60636 | Depths:3 | Noticed a caustic shrike
 60639 | Depths:3 | Killed a caustic shrike
 60745 | Depths:3 | Identified the +5 glaive of Kuiry {flame, Int+3 SInv}
 60745 | Depths:3 | Identified the ring "Waej Uhi" {*Slow rC+ Will++ MP+9
                  | Str+4}
 61137 | Depths:4 | Entered Level 4 of the Depths
 61137 | Depths:4 | Noticed a caustic shrike
 61137 | Depths:4 | Noticed a caustic shrike
 61137 | Depths:4 | Noticed a caustic shrike
 61137 | Depths:4 | Noticed a caustic shrike
 61141 | Depths:4 | Killed a caustic shrike
 61141 | Depths:4 | Killed a caustic shrike
 61141 | Depths:4 | Killed a caustic shrike
 61142 | Depths:4 | Killed a caustic shrike
 61523 | Depths:4 | Found a gate to the Realm of Zot.
 62130 | Depths:4 | Found a white marble altar of Elyvilon.
 62837 | Vaults:5 | Killed a dread lich
 63163 | Slime:1  | Entered Level 1 of the Pits of Slime
 63579 | Slime:2  | Reached XP level 24. HP: 142/142 MP: 56/56
 63765 | Slime:3  | Reached skill level 27 in Conjurations
 65122 | Slime:5  | Entered Level 5 of the Pits of Slime
 65170 | Slime:5  | Killed the Royal Jelly
 65317 | Slime:5  | Reached skill level 5 in Necromancy
 65782 | Slime:5  | Identified the +5 great sword of Sudden Death {venom,
                  | Str+3}
 65784 | Slime:5  | Identified the +4 arbalest "Uvupsic" {elec, rPois rF+}
 65792 | Slime:5  | Identified the ring of Xiojiloy {rN+ Dex+6}
 65820 | Slime:5  | Got a slimy rune of Zot
 65880 | Slime:5  | Identified the +0 pair of gloves of the Known World {Drain
                  | rC+++ Will- Str+6}
 66914 | Vaults:5 | Noticed a dread lich
 66916 | Vaults:5 | Killed a dread lich
 67445 | Vaults:5 | Found Navaxzui's Book Shoppe.
 67461 | Vaults:5 | Found Qophu's Jewellery Shoppe.
 67672 | Vaults:5 | Got a silver rune of Zot
 67714 | Vaults:5 | Identified the +2 flail of the Four Portals {elec, rPois}
 67828 | Vaults:5 | Identified the +7 mace of Evil {vorpal, *Noise rC+ Int+7}
 67871 | Vaults:5 | Found Otika's Book Shop.
 67894 | Vaults:5 | Found Jucymuen's Distillery.
 67899 | Vaults:5 | Bought a potion of curing for 42 gold pieces
 67899 | Vaults:5 | Bought a potion of experience for 700 gold pieces
 68706 | Zot:1    | Entered Level 1 of the Realm of Zot
 69039 | Zot:1    | Identified the ring of Surprise {Ice rElec rN+++ Will-
                  | Slay-4}
 69039 | Zot:1    | Noticed Josephina
 69041 | Zot:1    | Killed Josephina
 69058 | Zot:1    | Reached XP level 25. HP: 147/147 MP: 56/56
 70316 | Zot:2    | Reached skill level 10 in Necromancy
 71377 | Zot:3    | Noticed a Killer Klown
 71379 | Zot:3    | Killed a Killer Klown
 71379 | Zot:3    | Killed a Killer Klown
 72172 | Zot:3    | Reached skill level 5 in Summonings
 72889 | Zot:4    | Reached XP level 26. HP: 152/152 MP: 56/56
 73624 | Zot:5    | Entered Level 5 of the Realm of Zot
 74212 | Zot:5    | Found a runed translucent gate.
 74215 | Zot:5    | Found a runed translucent gate.
 74216 | Zot:5    | Found a runed translucent gate.
 74218 | Zot:5    | Noticed Ytolar's ghost (legendary DsFi)
 74218 | Zot:5    | Noticed Zoaron's ghost (legendary MiBe)
 74318 | Zot:5    | Noticed Cancer's ghost (legendary GrEE)
 74448 | Zot:5    | Noticed Ytolar's ghost (legendary DsFi)
 74540 | Zot:5    | Noticed an ancient lich
 74542 | Zot:5    | Killed an ancient lich
 74655 | Zot:5    | Noticed an orb of fire
 74663 | Zot:5    | Gained mutation: Your magical capacity is low. (-10% MP)
                  | [an orb of fire]
 74664 | Zot:5    | Killed from afar by an orb of fire

Illustrated notes

Levels and vault maps discovered:
D:1:      ncdulo_halloftheorcs, layout_basic, serial_shops,
          nicolae_shop_bloodbath_and_beyond
D:2:      layout_basic, basic_altar, ebering_ecumenical_altar_petrified,
          uniq_terence
D:3:      layout_basic, serial_shops, nicolae_diamond_shop
D:4:      wad_crossroads, layout_basic, mainiacjoe_overflow_cross_hatched,
          mainiacjoe_overflow_chevrons
D:5:      layout_gridville, nicolae_overflow_hallway_of_the_gods, fedhas_altar_4
D:6:      layout_rooms, minmay_temple_entry_statues_pillars, uniq_duvessa,
          uniq_menkaure, uniq_maggie, uniq_crazy_yiuf_cottage
D:7:      layout_gridville, nicolae_yredelemnul_corpse_copse,
          kennysheep_mini_moat, enter_bailey_6
D:8:      layout_basic, nzn_wu_jian_contemplation, lightli_temple_of_fire,
          kennysheep_another_room
D:9:      layout_irregular_city, kennysheep_mini
D:10:     layout_loops_ring, hellmonk_lair_entry_icy, uniq_harold
D:11:     layout_loops_ring, orc_0_dummy, chequers_decorated_corner, uniq_snorg,
          uniq_erolcha
D:12:     minmay_bad_star, layout_gridville
D:13:     layout_roguey [special_room_bee], hangedman_feature_mirror
D:14:     layout_rooms, skrybe_vaults_entry_preservation, special_room
          [special_room_orc], uniq_rupert
D:15:     grunt_enter_depths_hoard, layout_rooms, gauntlet_entry_generic,
          hangedman_abyss_or_decor_slice, nicolae_ru_path_of_blood
Temple:   nicolae_temple_godpark
Lair:1:   layout_small_grid
Lair:2:   layout_hall_layers
Lair:3:   nzn_winding_woodlands_small [nzn_winding_woodlands_5x15_zeroes,
          nzn_winding_woodlands_center_garden,
          nzn_winding_woodlands_5x15_crooked], layout_cave_pods,
          minmay_swamp_entry_worms, hellmonk_spider_entry_not_the_bees
Lair:4:   layout_long_grid, grunt_megastairs_1
Lair:5:   evil_forest, layout_loops_ring, slime_entry_2, minmay_lair_drake_nest
Swamp:1:  layout_basic_swamp, nicolae_swamp_big_swirl,
          nicolae_swamp_well_well_well
Swamp:2:  layout_falls_marsh, evilmike_swamp_ruin_rubble_1
Swamp:3:  layout_basic_swamp, basic_altar, infiniplex_staircase_pool_2,
          uniq_donald
Swamp:4:  swamp_icy, layout_basic_swamp
Spider:1: hangedman_creepy_crawlies, nicolae_spider_bzzzt, uniq_frances
Spider:2: nicolae_spider_mines_1, uniq_nikola
Spider:3: layout_spider_delve, hellmonk_test_site
Spider:4: guppyfry_spider_rune, nicolae_spider_cling_ruins
Slime:1:  nicolae_slime_pool, layout_caves
Slime:2:  layout_caves
Slime:3:  layout_caves, nicolae_slime_ancient_tower_intersection
Slime:4:  layout_caves, nicolae_slime_welcoming_committee
Slime:5
Orc:1:    layout_caves, serial_shops, nicolae_shop_window_shopping, uniq_urug,
          uniq_maurice, uniq_erica
Orc:2:    st_orc_town, layout_diamond_mine, basic_altar
Elf:1:    eino_elf_arrival_the_gate, layout_loops_ring, hangedman_elf_disciples
Elf:2:    elven_hall_of_blades_hangedman_alternative
          [nooodl_blade_entry_preview], layout_loops_corners
Elf:3:    minmay_elf_hall_four_x, layout_geoelf_castle,
          ebering_ghost_disaster_area, serial_shops, shop, shop,
          nicolae_shop_waterfront, minmay_shoptagon
Vaults:1: nicolae_vaults_twisting_passages, ontoclasm_vaults_bender,
          vaults_room_pools, grunt_vaults_trifunnel,
          vaults_standard_mumra_lines, v_alt_pattern_6, vaults_room_door_ring,
          ontoclasm_vaults_eye, nicolae_vaults_disjoint_gnomons,
          ontoclasm_vaults_ring_large, ontoclasm_vaults_shuriken,
          grunt_vaults_diagonal, v_misc_25, vaults_room_semicircle,
          nicolae_vaults_little_squares_5, v_misc_25, layout_vaults_omnibox
Vaults:2: hangedman_vaults_corner, minmay_crypt_entry_simple_walls,
          nicolae_vaults_big_ls, nicolae_vaults_little_squares_6, v_misc_17,
          nicolae_vaults_little_squares_3, nicolae_vaults_network_quinsquares
          [nicolae_vaults_network_quincunx_subvault,
          nicolae_vaults_network_quincunx_subvault,
          nicolae_vaults_network_quincunx_subvault,
          nicolae_vaults_network_quincunx_subvault], vaults_dpeg_spiral,
          v_misc_10, grunt_vaults_focal, layout_vaults_chaotic_city
Vaults:3: hangedman_vaults_snaps, vaults_room_pool, vaults_dpeg_doors,
          grunt_vaults_bifocal, nicolae_vaults_network_square, kb_rosetta,
          nicolae_vaults_little_squares_4, v_misc_12, nicolae_vaults_alarming,
          v_misc_26, hangedman_vaults_maws, vaults_room_door_ring,
          layout_vaults_omnicross, serial_shops, nicolae_shop_waterfront,
          nicolae_square_shop, shop, nicolae_trove_entry_crystal,
          uniq_bai_suzhen
Vaults:4: ploomutoo_gammafunk_ghost_potion_laboratory, vaults_room_door_ring,
          ontoclasm_vaults_ligature, hangedman_vaults_trim,
          nicolae_vaults_circle_grid_b, v_misc_28, vaults_room_glass_cross,
          vaults_room_pools, hangedman_vaults_hat, v_misc_10,
          nicolae_vaults_yaktaur_gun_rack, layout_vaults_quadrants,
          serial_shops, shop, shop_statue, shop, uniq_margery
Vaults:5
Depths:1: layout_cave_shapes, enter_ziggurat_b, pf_vacation_house_of_asmodeus,
          hex_medium, abyss_entry, hangedman_abyss_or_decor_stabs,
          grunt_decor_clamped, minmay_fire_ice_demons
Depths:2: nicolae_legendary_halls, layout_cave_shapes, serial_shops,
          nicolae_take_the_stairs, serial_sigils_hangedman_confine,
          grunt_metal_band, rand_demon_pan_entry_3, minmay_staircase_bubble
Depths:3: kennysheep_large_spiral, layout_gridlike, serial_shops, shop,
          hell_entry, minmay_room_of_horrors, dk_noncrumbling_2,
          serial_hangedman_research, hangedman_research_metamorphosis,
          hangedman_research_quantum, hangedman_research_toxicology,
          hangedman_research_thanatology, uniq_jory
Depths:4: grunt_x_marks_the_spot, layout_cave_pools, glass_columns_b,
          hangedman_coc_ice_floe, grunt_ministairs_15,
          chequers_serial_rivers_micro_b, nicolae_elyvilon_temple_path,
          serial_bayou_shore_b
Zot:1:    layout_basic, uniq_josephina
Zot:2:    kennysheep_ambush_hall, layout_twisted_circle, grunt_megastairs_5
Zot:3:    layout_basic, drop_trap
Zot:4:    kennysheep_bubbly, layout_misc_corridors, nicolae_lava_and_water,
          lemuel_elevator
Zot:5:    layout_onion, gammafunk_ghost_cemetery

Skill      XL: |  1  2  3  4  5  6  7  8  9 10 11 12 13 14 15 16 17 18 19 20 21 22 23 24 25 26 |
---------------+-------------------------------------------------------------------------------+-----
Spellcasting   | 5 6 7 9 11 13 15 16 18 19 21 22 24 26 27 | 27.0
Fighting       | 1 2 3 5 7 9 10 11 12 | 12.0
Armour         | 1 2 4 5 6 7 8 9 10 11 12 13 14 15 16 17 18 | 18.3
Conjurations   | 2 3 4 6 7 8 9 11 12 13 14 15 16 17 19 21 23 25 26 27 | 27.0
Dodging        | 3 |  3.0
Stealth        | 3 4 |  4.3
Air Magic      | 1 |  1.0
Poison Magic   | 1 |  1.2
Evocations     | 1 |  1.1
Ice Magic      | 1 |  1.1
Fire Magic     | 4 6 7 9 10 11 13 14 15 16 18 19 20 21 23 25 26 | 26.6
Earth Magic    | 2 |  2.1
Shields        | 2 5 6 |  6.0
Necromancy     | 1 8 10 | 10.0
Summonings     | 6 8 |  8.9
Translocations | |  1.1

Action                   |  1- 3 |  4- 6 |  7- 9 | 10-12 | 13-15 | 16-18 | 19-21 | 22-24 | 25-27 || total
-------------------------+-------+-------+-------+-------+-------+-------+-------+-------+-------++-------
Melee: Dagger            |    16 |     7 |    50 |       |       |       |       |       |       ||    73
       Quick blade       |       |       |    12 |   200 |   117 |       |       |       |       ||   329
       Punch             |       |       |       |     2 |     2 |       |       |       |       ||     4
       Staff             |       |       |       |       |       |     6 |       |     1 |     1 ||     8
 Cast: Magic Dart        |    72 |   165 |   239 |    59 |     9 |     3 |     8 |     1 |       ||   556
       Mephitic Cloud    |     1 |     2 |    38 |    39 |    12 |     1 |     1 |       |       ||    94
       Call Imp          |     1 |       |    10 |     5 |     6 |       |       |     1 |       ||    23
       Blink             |       |     1 |     2 |       |     1 |     2 |       |     1 |     2 ||     9
       Flame Wave        |       |       |       |    35 |     5 |       |       |       |       ||    40
       Freezing Cloud    |       |       |       |    65 |   125 |     1 |     1 |     7 |       ||   199
       Starburst         |       |       |       |       |    94 |    13 |       |       |     1 ||   108
       Iron Shot         |       |       |       |       |    29 |    72 |   113 |   121 |    46 ||   381
       Fireball          |       |       |       |       |    90 |   709 |   406 |    79 |     9 ||  1293
       Orb of Destructio |       |       |       |       |     4 |    12 |       |     3 |       ||    19
       Ignition          |       |       |       |       |       |     2 |    44 |    60 |     2 ||   108
       Fire Storm        |       |       |       |       |       |       |    32 |   228 |   181 ||   441
       Swiftness         |       |       |       |       |       |       |     1 |     4 |       ||     5
Evoke: Wand              |       |       |     5 |       |       |     1 |       |       |     2 ||     8
  Use: Scroll            |       |       |     1 |    13 |    18 |    10 |     3 |     4 |     1 ||    50
       Potion            |       |       |       |       |       |       |       |       |     4 ||     4
 Stab: Confused          |     3 |     2 |     7 |    18 |     2 |       |       |       |       ||    32
       Paralysed         |       |       |     5 |       |       |       |       |       |       ||     5
       Distracted        |       |       |       |     1 |       |       |       |       |       ||     1
Armor: Robe              |     3 |       |       |       |       |       |       |       |       ||     3
       Leather armour    |     1 |    20 |     9 |       |       |       |       |       |       ||    30
       Steam dragon scal |       |       |    20 |    47 |    65 |     2 |       |       |       ||   134
       Swamp dragon scal |       |       |       |       |       |    24 |    16 |     4 |       ||    44
       Fire dragon scale |       |       |       |       |       |       |       |    31 |       ||    31
       Shadow dragon sca |       |       |       |       |       |       |       |     5 |    21 ||    26
Dodge: Dodged            |    20 |    39 |    86 |   122 |    87 |    22 |    29 |    14 |     8 ||   427
Block: Buckler           |       |       |       |       |       |     4 |    21 |    11 |     5 ||    41

Table legend: (Time is in decaauts)
 A = Elapsed time spent in this place.
 B = Non-inter-level travel time spent in this place.
 C = Inter-level travel time spent in this place.
 D = Time resting spent in this place.
 E = Time spent auto-exploring this place.
 F = Levels seen in this place.
 G = Mean time per level.
                   A        B        C        D        E       F      G
               +--------+--------+--------+--------+--------+-----+--------+
         Total |  74823 |  66371 |   8452 |   9885 |  45287 |  56 | 1336.1 |
       Dungeon |  21241 |  17188 |   4053 |   1255 |  13074 |  15 | 1416.1 |
        Temple |    374 |    337 |     37 |      0 |      3 |   1 |  374.0 |
          Lair |   7912 |   6739 |   1173 |    815 |   4935 |   5 | 1582.4 |
         Swamp |   4283 |   4128 |    155 |   1111 |   2404 |   4 | 1070.8 |
   Spider Nest |   6671 |   6297 |    374 |   1793 |   3596 |   4 | 1667.8 |
    Slime Pits |   2973 |   2766 |    207 |    126 |   2002 |   5 |  594.6 |
  Orcish Mines |   3415 |   3030 |    385 |    628 |   1925 |   2 | 1707.5 |
   Elven Halls |   4625 |   4411 |    214 |    655 |   2936 |   3 | 1541.7 |
        Vaults |   9755 |   8544 |   1211 |   1052 |   6282 |   5 | 1951.0 |
        Depths |   5858 |   5448 |    410 |    754 |   3965 |   4 | 1464.5 |
           Zot |   5947 |   5718 |    229 |   1581 |   3407 |   5 | 1189.4 |
         Trove |     92 |     92 |      0 |      0 |     17 |   1 |   92.0 |
        Bailey |   1138 |   1138 |      0 |      0 |    740 |   1 | 1138.0 |
      Gauntlet |    534 |    534 |      0 |    115 |      0 |   1 |  534.0 |
               +--------+--------+--------+--------+--------+-----+--------+

Top non-repeatable levels by time:
Spider:1: 2897 daAuts
Vaults:2: 2509 daAuts
   Orc:2: 2311 daAuts
Vaults:1: 2085 daAuts
Depths:3: 2031 daAuts
Vaults:4: 2031 daAuts
  Lair:5: 1993 daAuts
    D:12: 1967 daAuts
   Elf:3: 1955 daAuts
  Lair:3: 1896 daAuts
    D:13: 1768 daAuts
Vaults:3: 1693 daAuts
     D:7: 1641 daAuts
   Elf:2: 1632 daAuts
     D:8: 1605 daAuts
